TOP OF THE 1ST |
Charleston Battery batting - Pitching for St. Louis Coeur : RHP Eric Matson
|
Pitching: RHP Eric Matson
|
|
Batting: LHB Rafael Urrutiz
|
0-0: Fly out, F8 (Flyball, 8RS, EV 76.2 MPH)
|
Batting: LHB Benno Luby
|
0-0: Foul Ball, location: 2F 0-1: Foul Ball, location: 2F 0-2: Ball 1-2: Strikes out looking
|
Batting: LHB Joey Coco
|
0-0: Ball 1-0: Called Strike 1-1: Foul Ball, location: 2F 1-2: Ball 2-2: Strikes out swinging
|
Top of the 1st over - 0 runs, 0 hits, 0 errors, 0 left on base; Charleston 0 - St. Louis 0 |
BOTTOM OF THE 1ST |
St. Louis Coeur batting - Pitching for Charleston Battery : RHP Scotty Bingham
|
Pitching: RHP Scotty Bingham
|
|
Batting: RHB Nobuhisa Murakami
|
0-0: Called Strike 0-1: Swinging Strike 0-2: Fly out, F8 (Flyball, 8RM, EV 84.4 MPH)
|
Batting: LHB Harry Cornelis
|
0-0: Foul Ball, location: 2F 0-1: Ball 1-1: Swinging Strike 1-2: Ball 2-2: Fly out, F6 (Popup, 6, EV 73.8 MPH)
|
Batting: LHB Qing-nian Zexian
|
0-0: Ball 1-0: Ball 2-0: Ball 3-0: Base on Balls
|
Batting: RHB Jaime Soto
|
0-0: Called Strike 0-1: Ball 1-1: Ball 2-1: Ground out 3-1 (Groundball, 34, EV 88.1 MPH)
|
Bottom of the 1st over - 0 runs, 0 hits, 0 errors, 1 left on base; Charleston 0 - St. Louis 0 |
TOP OF THE 2ND |
Charleston Battery batting - Pitching for St. Louis Coeur : RHP Eric Matson
|
Batting: RHB Melvin Thomas
|
0-0: Ball 1-0: Ball 2-0: Called Strike 2-1: Foul Ball, location: 2F 2-2: Ball 3-2: Fly out, F4 (Line Drive, 4, EV 75.0 MPH)
|
Batting: LHB Datu Lesaca
|
0-0: Ball 1-0: Ball 2-0: Ball 3-0: Called Strike 3-1: Called Strike 3-2: Strikes out looking
|
Batting: RHB Jaime Espinar
|
0-0: Called Strike 0-1: Ball 1-1: Foul Ball, location: 2F 1-2: Foul Ball, location: 2F 1-2: Strikes out looking
|
Top of the 2nd over - 0 runs, 0 hits, 0 errors, 0 left on base; Charleston 0 - St. Louis 0 |
BOTTOM OF THE 2ND |
St. Louis Coeur batting - Pitching for Charleston Battery : RHP Scotty Bingham
|
Batting: LHB Jae-seop Byeon
|
0-0: Ball 1-0: Ball 2-0: Called Strike 2-1: Foul Ball, location: 2F 2-2: Ball 3-2: Strikes out swinging
|
Batting: RHB Joel Iyiegbuniwe
|
0-0: Called Strike 0-1: Called Strike 0-2: Reached on error, E4 (Groundball, 4M, EV 103.1 MPH)
|
Batting: RHB Guillermo Coss
|
0-0: Foul Ball, location: 2F 0-1: Swinging Strike 0-2: Reached on error, E5 (Groundball, 56S, EV 68.8 MPH) Joel Iyiegbuniwe scores
|
Batting: RHB Ik-jun Cho
|
0-0: Ball 1-0: Ground out 5-3 (Groundball, 56, EV 83.1 MPH)
|
Batting: LHB Pedro Marrero
|
0-0: Foul Ball, location: 2F 0-1: Called Strike 0-2: Ball 1-2: Strikes out swinging, 2-3 out at first.
|
Bottom of the 2nd over - 1 run, 0 hits, 2 errors, 1 left on base; Charleston 0 - St. Louis 1 |
TOP OF THE 3RD |
Charleston Battery batting - Pitching for St. Louis Coeur : RHP Eric Matson
|
Batting: RHB Mariano Juderías
|
0-0: Called Strike 0-1: Ball 1-1: Ball 2-1: SINGLE (Line Drive, 78S, EV 101.9 MPH)
|
Batting: LHB Alfonso López
|
0-0: Ball 1-0: Called Strike 1-1: Called Strike 1-2: Ball 2-2: SINGLE (Groundball, 6MD, EV 106.9 MPH) Mariano Juderías to second Runner from 2nd tries for 3rd, SAFE, throw by CF made to third
|
Batting: RHB Uoti Vaijärvi
|
0-0: Ball 1-0: Called Strike 1-1: Ball 2-1: Called Strike 2-2: Foul Ball, location: 2F 2-2: Foul Ball, location: 2F 2-2: Ball 3-2: Strikes out swinging
|
Batting: LHB Rafael Urrutiz
|
0-0: Fly out, F9 (Flyball, 9S, EV 86.9 MPH)
|
Batting: LHB Benno Luby
|
0-0: Ball 1-0: Ball 2-0: Called Strike 2-1: Ball 3-1: Base on Balls Alfonso López to second
|
Batting: LHB Joey Coco
|
0-0: Ball 1-0: Swinging Strike 1-1: Foul Ball, location: 2F 1-2: Ground out U3 (Groundball, 3L, EV 85.6 MPH)
|
Top of the 3rd over - 0 runs, 2 hits, 0 errors, 3 left on base; Charleston 0 - St. Louis 1 |
BOTTOM OF THE 3RD |
St. Louis Coeur batting - Pitching for Charleston Battery : RHP Scotty Bingham
|
Batting: RHB Nobuhisa Murakami
|
0-0: Ball 1-0: Swinging Strike 1-1: Called Strike 1-2: Ground out 4-3 (Groundball, 4M, EV 85.0 MPH)
|
Batting: LHB Harry Cornelis
|
0-0: Ball 1-0: Ball 2-0: Foul Ball, location: 2F 2-1: Reached on error, E6 (Groundball, 6M, EV 95.6 MPH)
|
Batting: LHB Qing-nian Zexian
|
0-0: Ball 1-0: Called Strike 1-1: Ball 2-1: Foul Ball, location: 2F 2-2: Ball 3-2: Base on Balls Harry Cornelis to second
|
Batting: RHB Jaime Soto
|
0-0: Called Strike 0-1: Foul Ball, location: 2F 0-2: Foul Ball, location: 2F 0-2: Foul Ball, location: 2F 0-2: Ground out 5-3 (Groundball, 5S, EV 71.2 MPH) Harry Cornelis to third Qing-nian Zexian to second
|
Batting: LHB Jae-seop Byeon
|
0-0: Called Strike 0-1: Ball 1-1: Foul Ball, location: 2F 1-2: Fly out, F9 (Flyball, 9LS, EV 83.8 MPH)
|
Bottom of the 3rd over - 0 runs, 0 hits, 1 error, 2 left on base; Charleston 0 - St. Louis 1 |
TOP OF THE 4TH |
Charleston Battery batting - Pitching for St. Louis Coeur : RHP Eric Matson
|
Batting: RHB Melvin Thomas
|
0-0: Ball 1-0: Ball 2-0: SINGLE (Groundball, 56D, EV 106.2 MPH)
|
Batting: LHB Datu Lesaca
|
0-0: Foul Ball, location: 2F 0-1: Ball 1-1: Called Strike 1-2: Strikes out swinging
|
Batting: RHB Jaime Espinar
|
0-0: Ball 1-0: SINGLE (Groundball, 13, EV 66.9 MPH) (infield hit) Melvin Thomas to second
|
Batting: RHB Mariano Juderías
|
0-0: Foul Ball, location: 2F 0-1: Ball 1-1: Swinging Strike 1-2: Grounds into double play, 5-4-3 (Groundball, 5, EV 100.6 MPH)
|
Top of the 4th over - 0 runs, 2 hits, 0 errors, 1 left on base; Charleston 0 - St. Louis 1 |
BOTTOM OF THE 4TH |
St. Louis Coeur batting - Pitching for Charleston Battery : RHP Scotty Bingham
|
Batting: RHB Joel Iyiegbuniwe
|
0-0: Foul Ball, location: 2F 0-1: Fly out, F7 (Flyball, 7, EV 76.2 MPH)
|
Batting: RHB Guillermo Coss
|
0-0: Foul Ball, location: 2F 0-1: Foul Ball, location: 2F 0-2: Fly out, F8 (Flyball, 89XD, EV 105.0 MPH)
|
Batting: RHB Ik-jun Cho
|
0-0: Foul Ball, location: 2F 0-1: Ball 1-1: Ball 2-1: Ground out 6-3 (Groundball, 6M, EV 109.4 MPH)
|
Bottom of the 4th over - 0 runs, 0 hits, 0 errors, 0 left on base; Charleston 0 - St. Louis 1 |
TOP OF THE 5TH |
Charleston Battery batting - Pitching for St. Louis Coeur : RHP Eric Matson
|
Batting: LHB Alfonso López
|
0-0: Ball 1-0: Called Strike 1-1: Foul Ball, location: 2F 1-2: Strikes out swinging
|
Batting: RHB Uoti Vaijärvi
|
0-0: Foul Ball, location: 2F 0-1: Ball 1-1: Ball 2-1: DOUBLE (Flyball, 78D, EV 115.0 MPH)
|
Batting: LHB Rafael Urrutiz
|
0-0: Ball 1-0: Fly out, F8 (Flyball, 89M, EV 90.0 MPH)
|
Batting: LHB Benno Luby
|
0-0: Called Strike 0-1: Ball 1-1: Foul Ball, location: 2F 1-2: Ball 2-2: Ball 3-2: Fly out, F4 (Popup, 3S, EV 78.8 MPH)
|
Top of the 5th over - 0 runs, 1 hit, 0 errors, 1 left on base; Charleston 0 - St. Louis 1 |
BOTTOM OF THE 5TH |
St. Louis Coeur batting - Pitching for Charleston Battery : RHP Scotty Bingham
|
Batting: LHB Pedro Marrero
|
0-0: Ground out 4-3 (Groundball, 4, EV 98.1 MPH)
|
Batting: RHB Nobuhisa Murakami
|
0-0: Ball 1-0: Ball 2-0: Ball 3-0: Called Strike 3-1: Foul Ball, location: 2F 3-2: Base on Balls
|
Batting: LHB Harry Cornelis
|
0-0: Ball 1-0: Called Strike 1-1: Swinging Strike 1-2: Ball 2-2: Foul Ball, location: 2F 2-2: Strikes out swinging
|
Batting: LHB Qing-nian Zexian
|
0-0: Foul Ball, location: 2F 0-1: Foul Ball, location: 2F Balk! Nobuhisa Murakami to second 0-2: Ball 1-2: Ball 2-2: Foul Ball, location: 2F 2-2: Ball 3-2: Base on Balls
|
Batting: RHB Jaime Soto
|
0-0: SINGLE (Line Drive, 89M, EV 103.1 MPH) Nobuhisa Murakami to third Qing-nian Zexian to second Runner from 3rd tries for Home, SAFE, throw by CF to home
|
Batting: LHB Jae-seop Byeon
|
0-0: SINGLE (Groundball, 4MD, EV 98.8 MPH) Qing-nian Zexian to third Jaime Soto to second Runner from 3rd tries for Home, SAFE, throw by CF to home
|
Batting: RHB Joel Iyiegbuniwe
|
0-0: Fly out, F8 (Flyball, 8RD, EV 100.0 MPH)
|
Bottom of the 5th over - 2 runs, 2 hits, 0 errors, 2 left on base; Charleston 0 - St. Louis 3 |
TOP OF THE 6TH |
Charleston Battery batting - Pitching for St. Louis Coeur : RHP Eric Matson
|
Batting: LHB Joey Coco
|
0-0: Called Strike 0-1: Foul Ball, location: 2F 0-2: Strikes out swinging
|
Batting: RHB Melvin Thomas
|
0-0: Ball 1-0: Ball 2-0: Called Strike 2-1: Ground out 6-3 (Groundball, 6, EV 84.4 MPH)
|
Batting: LHB Datu Lesaca
|
0-0: Called Strike 0-1: Called Strike 0-2: Ball 1-2: Ball 2-2: Ball 3-2: Foul Ball, location: 2F 3-2: Ground out U3 (Groundball, 34, EV 83.1 MPH)
|
Top of the 6th over - 0 runs, 0 hits, 0 errors, 0 left on base; Charleston 0 - St. Louis 3 |
BOTTOM OF THE 6TH |
St. Louis Coeur batting - Pitching for Charleston Battery : RHP Scotty Bingham
|
Batting: RHB Guillermo Coss
|
0-0: Swinging Strike 0-1: Reaches on Catchers interference
|
Batting: RHB Ik-jun Cho
|
0-0: Ball 1-0: Sac Bunt to 13 - play at first, batter OUT! 1-4 Guillermo Coss to second
|
Batting: LHB Pedro Marrero
|
0-0: Called Strike 0-1: Ball 1-1: Swinging Strike 1-2: Ball 2-2: Ball 3-2: Fly out, F8 (Line Drive, 8RD, EV 99.4 MPH)
|
Pitching: RHP Juan Delgado
|
|
Batting: RHB Nobuhisa Murakami
|
0-0: Ball 1-0: Fly out, F7 (Flyball, 7, EV 95.6 MPH)
|
Bottom of the 6th over - 0 runs, 0 hits, 1 error, 1 left on base; Charleston 0 - St. Louis 3 |
TOP OF THE 7TH |
Charleston Battery batting - Pitching for St. Louis Coeur : RHP Eric Matson
|
Batting: RHB Jaime Espinar
|
0-0: Swinging Strike 0-1: Ball 1-1: TRIPLE (Flyball, 89XD, EV 103.1 MPH)
|
Batting: RHB Mariano Juderías
|
0-0: Foul Ball, location: 2F 0-1: Called Strike 0-2: Ball 1-2: Foul Ball, location: 2F 1-2: Foul Ball, location: 2F 1-2: Ground out 5-3 (Groundball, 56, EV 78.8 MPH) Jaime Espinar scores
|
Pitching: LHP James Callendar
|
|
Batting: LHB Alfonso López
|
0-0: Ground out 4-3 (Groundball, 4, EV 81.9 MPH)
|
Batting: RHB Uoti Vaijärvi
|
0-0: Ground out 6-3 (Groundball, 6, EV 88.1 MPH)
|
Top of the 7th over - 1 run, 1 hit, 0 errors, 0 left on base; Charleston 1 - St. Louis 3 |
BOTTOM OF THE 7TH |
St. Louis Coeur batting - Pitching for Charleston Battery : RHP Juan Delgado
|
Batting: LHB Harry Cornelis
|
0-0: Called Strike 0-1: Swinging Strike 0-2: Ball 1-2: Strikes out swinging
|
Batting: LHB Qing-nian Zexian
|
0-0: Swinging Strike 0-1: Ground out 6-3 (Groundball, 6, EV 84.4 MPH)
|
Batting: RHB Jaime Soto
|
0-0: Foul Ball, location: 2F 0-1: SINGLE (Groundball, 56D, EV 105.0 MPH)
|
Batting: LHB Jae-seop Byeon
|
0-0: Ball 1-0: DOUBLE (Flyball, 8LXD, EV 101.2 MPH) Jaime Soto to third Runner from 3rd tries for Home, SAFE, throw by CF to home
|
Batting: RHB Joel Iyiegbuniwe
|
0-0: Ball 1-0: Swinging Strike 1-1: Ball 2-1: Foul Ball, location: 2F 2-2: Ball 3-2: Foul Ball, location: 2F 3-2: Base on Balls
|
Batting: RHB Guillermo Coss
|
0-0: Called Strike 0-1: Ball 1-1: Foul Ball, location: 2F 1-2: Fly out, F9 (Flyball, 89D, EV 100.0 MPH)
|
Bottom of the 7th over - 1 run, 2 hits, 0 errors, 2 left on base; Charleston 1 - St. Louis 4 |
TOP OF THE 8TH |
Charleston Battery batting - Pitching for St. Louis Coeur : LHP James Callendar
|
Batting: LHB Rafael Urrutiz
|
0-0: Bunt missed! 0-1: Swinging Strike 0-2: Strikes out swinging
|
Batting: LHB Benno Luby
|
0-0: Called Strike 0-1: Swinging Strike 0-2: Ball 1-2: Strikes out swinging
|
Batting: LHB Joey Coco
|
0-0: Ball 1-0: Foul Ball, location: 2F 1-1: Foul Ball, location: 2F 1-2: Foul Ball, location: 2F 1-2: Ball 2-2: Ball 3-2: Foul Ball, location: 2F 3-2: Base on Balls
|
Batting: RHB Melvin Thomas
|
0-0: Ball 1-0: Ball 2-0: Called Strike 2-1: Ball 3-1: Called Strike 3-2: Foul Ball, location: 2F 3-2: Fly out, F3 (Line Drive, 3, EV 65.6 MPH)
|
Top of the 8th over - 0 runs, 0 hits, 0 errors, 1 left on base; Charleston 1 - St. Louis 4 |
BOTTOM OF THE 8TH |
St. Louis Coeur batting - Pitching for Charleston Battery : RHP Juan Delgado
|
Batting: RHB Ik-jun Cho
|
0-0: Ball 1-0: Ball 2-0: Foul Ball, location: 2F 2-1: Ground out 6-3 (Groundball, 6, EV 82.5 MPH)
|
Batting: LHB Pedro Marrero
|
0-0: Swinging Strike 0-1: Fly out, F8 (Flyball, 8RM, EV 95.0 MPH)
|
Batting: RHB Nobuhisa Murakami
|
0-0: Ball 1-0: SINGLE (Line Drive, 9LM, EV 101.9 MPH)
|
Batting: LHB Harry Cornelis
|
0-0: Ball Nobuhisa Murakami steals 2nd, throwing error, E2 Nobuhisa Murakami to third 1-0: Swinging Strike 1-1: Ball 2-1: Swinging Strike 2-2: Hit by Pitch
|
Pitching: LHP José Cotilla
|
|
Batting: LHB Qing-nian Zexian
|
0-0: Swinging Strike 0-1: Ball 1-1: Ball 2-1: Called Strike 2-2: Ball 3-2: Strikes out swinging
|
Bottom of the 8th over - 0 runs, 1 hit, 1 error, 2 left on base; Charleston 1 - St. Louis 4 |
TOP OF THE 9TH |
Charleston Battery batting - Pitching for St. Louis Coeur : LHP James Callendar
|
Batting: LHB Datu Lesaca
|
0-0: SINGLE (Flyball, 56D, EV 91.9 MPH)
|
Batting: RHB Jaime Espinar
|
0-0: Called Strike 0-1: Swinging Strike 0-2: Ball 1-2: Strikes out looking
|
Batting: RHB Mariano Juderías
|
0-0: Ball 1-0: Ball 2-0: Ball 3-0: Called Strike 3-1: Called Strike 3-2: Foul Ball, location: 2F 3-2: Foul Ball, location: 2F 3-2: Strikes out swinging
|
Batting: LHB Alfonso López
|
0-0: Ball 1-0: Ball 2-0: SINGLE (Flyball, 8RS, EV 91.2 MPH) Datu Lesaca to second
|
Batting: RHB Uoti Vaijärvi
|
0-0: Ball 1-0: Ball 2-0: Ball 3-0: Called Strike 3-1: Called Strike 3-2: Ground out 4-3 (Groundball, 4M, EV 92.5 MPH)
|
Top of the 9th over - 0 runs, 2 hits, 0 errors, 2 left on base; Charleston 1 - St. Louis 4 |
|